Map: Ascension to Aiur LE

Players

SouLeer (souL) - Winner!

  • Race: Zerg Zerg
  • Spawn Location: 11:00

WerA

  • Race: Zerg Zerg
  • Spawn Location: 5:00

Event: WCS Valencia 2017

VOD

Have the link to the VOD?

Description

Time

  • Played on: July 13, 2017, 6:18 a.m.
  • Length: 8:54

All games in this series

Show
View Real Time Build Order
Export as new Build Order

SouLeer Zerg - Winner!

Build Orders: Hatch First 

Get SALT Encoding   

  12  0:00  Drone  
  13  0:12  Overlord  
  13  0:17  Drone  
  14  0:30  Drone x2  
  16  0:35  Drone  
  17  0:52  Hatchery  
  16  1:06  Spawning Pool  
  16  1:09  Drone  
  16  1:13  Drone  
  16  1:16  Drone  
  18  1:23  Extractor  
  17  1:26  Drone  
  17  1:32  Overlord  
  18  1:53  Queen  
  20  1:54  Zergling x4  
  22  2:04  Queen  
  22  2:05  Zergling x2  
  22  2:07  Drone  
  26  2:16  Drone x2  
  28  2:23  Metabolic Boost  
  28  2:29  Drone  
  29  2:30  Drone  
  30  2:37  Drone x2  
  32  2:47  Baneling Nest, Drone  
  32  2:53  Drone  
  33  3:01  Hatchery  
  33  3:03  Drone  
  32  3:08  Drone  
  32  3:10  Drone  
  34  3:15  Overlord  
  34  3:16  Zergling x2  
  35  3:30  Baneling x2  
  35  3:34  Zergling x10  
  35  3:35  Zergling x2  
  35  3:39  Zergling x6  
  44  3:45  Overlord  
  44  3:51  Overlord  
  44  3:53  Overlord  
  43  3:58  Drone  
  43  4:01  Overlord  
  44  4:04  Drone x2  
  44  4:08  Drone x3  
  49  4:14  Drone x2  
  49  4:16  Baneling x2  
  49  4:17  Baneling x2  
  51  4:24  Extractor  
  51  4:25  Extractor  
  51  4:27  Zergling x8  
  51  4:30  Zergling x2  
  53  4:36  Lair  
  52  4:38  Drone x2  
  53  4:46  Drone x3  
  53  4:50  Drone x2  
  53  4:51  Drone  
  59  4:56  Zergling x6  
  59  4:57  Zergling x4  
  64  5:06  Roach Warren  
  63  5:09  Queen  
  65  5:14  Zergling x6  
  65  5:15  Zergling x2  
  65  5:17  Zergling x4  
  70  5:24  Drone x4  
  71  5:29  Overlord  
  71  5:35  Overlord  
  61  5:43  Overlord  
  61  5:46  Roach x4  
  61  5:47  Roach  
  61  5:49  Roach  
  73  5:52  Roach  
  73  5:54  Roach  
  73  5:56  Glial Reconstitution  
  77  6:01  Roach  
  77  6:03  Roach x2  
  83  6:06  Roach  
  83  6:10  Roach x2  
  89  6:16  Baneling x3  
  89  6:17  Roach x2  
  93  6:21  Roach x2  
  93  6:24  Overlord  
  97  6:28  Drone x3  
  97  6:29  Unknown  
  97  6:30  Drone  
  101  6:36  Roach x3  
  101  6:39  Roach  
  104  6:43  Roach x2  
  107  6:51  Roach x3  
  113  6:59  Overlord x2  
  113  7:02  Overlord  
  113  7:03  Ravager  
  113  7:06  Overlord  
  114  7:09  Baneling x3  
  114  7:14  Baneling x2  
  114  7:16  Overlord  
  114  7:19  Roach x5  
  114  7:22  Zergling x6  
  127  7:27  Roach x2  
  127  7:28  Roach  
  132  7:35  Roach x3  
  130  7:40  Drone x3  
  130  7:41  Extractor, Roach  
  130  7:43  Roach  
  136  7:46  Roach  
  136  7:47  Roach  
  138  7:51  Overlord  
  138  7:53  Roach  
  138  7:54  Roach  
  138  7:58  Roach  
  144  8:00  Roach  
  146  8:09  Roach x3  
  147  8:17  Roach x3  
  147  8:21  Roach x2  
  147  8:24  Roach  
  139  8:29  Extractor  
  142  8:43  Ravager  
Show
View Real Time Build Order
Export as new Build Order

WerA Zerg 

Build Orders: Hatch First 

Get SALT Encoding   

  12  0:01  Drone  
  13  0:12  Overlord  
  13  0:17  Drone  
  14  0:30  Drone x2  
  14  0:34  Drone  
  17  0:52  Hatchery  
  17  0:55  Drone  
  17  1:10  Spawning Pool  
  16  1:12  Extractor  
  16  1:13  Drone  
  16  1:17  Drone  
  17  1:21  Drone  
  18  1:28  Drone  
  19  1:38  Overlord  
  19  1:56  Queen  
  19  1:57  Zergling x2  
  19  2:00  Zergling x2  
  23  2:04  Queen  
  23  2:05  Drone  
  26  2:12  Metabolic Boost  
  26  2:14  Drone  
  27  2:16  Drone  
  29  2:22  Drone  
  29  2:28  Drone  
  30  2:32  Queen, Drone  
  33  2:39  Overlord  
  33  2:47  Drone  
  34  2:58  Hatchery  
  33  3:08  Drone x5  
  38  3:13  Drone x4  
  38  3:16  Overlord  
  42  3:28  Spine Crawler  
  42  3:32  Baneling Nest  
  41  3:34  Drone x3  
  41  3:35  Drone  
  44  3:42  Zergling x6  
  44  3:45  Drone x2  
  44  3:46  Drone  
  50  3:52  Overlord  
  50  3:53  Drone  
  50  4:00  Extractor, Drone x2  
  51  4:22  Extractor  
  51  4:23  Baneling x2  
  50  4:24  Zergling x6  
  50  4:25  Zergling x14  
  60  4:36  Zergling x2  
  60  4:37  Zergling x4  
  60  4:45  Zergling x2  
  60  4:46  Zergling x8, Baneling x2  
  60  4:47  Baneling  
  64  4:57  Lair  
  62  5:07  Roach Warren  
  62  5:08  Evolution Chamber  
  60  5:15  Overlord x2  
  60  5:16  Overlord  
  60  5:18  Queen  
  60  5:20  Hatchery, Baneling  
  60  5:21  Baneling, Overlord  
  57  5:35  Drone x8  
  65  5:37  Extractor  
  63  5:54  Zerg Missile Weapons Level 1  
  63  5:56  Hatchery  
  62  5:59  Baneling x2  
  62  6:00  Baneling  
  62  6:05  Glial Reconstitution  
  62  6:08  Roach x5  
  62  6:10  Overseer  
  72  6:19  Roach  
  72  6:20  Roach x3  
  80  6:27  Roach x3  
  86  6:37  Roach x2  
  86  6:39  Overlord x2  
  90  6:59  Drone  
  90  7:00  Drone x5  
  96  7:11  Roach  
  96  7:12  Roach x2  
  102  7:19  Roach  
  102  7:21  Drone, Overlord  
  102  7:22  Overlord x5  
  92  7:39  Roach  
  92  7:40  Roach x3  
  92  7:43  Roach  
  102  7:53  Roach x3  
  102  7:54  Roach x2  
  112  8:00  Roach x3  
  118  8:07  Queen  
  102  8:18  Roach  
  102  8:19  Roach x8  
  99  8:31  Roach  
  99  8:32  Roach x3  
Tags
 
Add a new tag
Caveats
  • Supply blocks, unpowered buildings, or Contaminate may cause inaccurate times.
  • Supply counts are checked every 10 seconds.